AoeStats
← CTMlLOMBANA

Yucatan

510644171Analyzed
4v4 RM · 9h ago on Oct 1, 2026· 27m 41s· 8 players
Game mode
Random Map
Map size
Large (8 player)
Population
200
Speed
Normal
Resources
Standard
Victory
Conquest
Starting age
Dark Age
Ending age
Imperial Age
RankedLock teamsTeams togetherTeam positionsShared explorationLock speedFull tech treeHidden civsTurbo modeCheats
Victory
Defeat
🇧🇷 Saracens · Brazil
1479
+15
🇧🇷 Mongols · Brazil
1470
+15
🇭🇰 Britons · Hong Kong SAR China
1455
+16
🇨🇳 Franks · China
1378
+18
🇺🇸 Persians · United States
1456
-16
🇲🇽 Spanish · Mexico
1453
-16
🇵🇪 Mongols · Peru
1448
-16
🇨🇴 Maya · Colombia
1442
-16
CTMlLOMBANA
0:27 Loom
10:21 Feudal Age
15:18 Fletching
15:52 Padded Archer Armor
19:48 Castle Age
MEX_Angel_Tj
6:43 Loom
10:08 Feudal Age
12:33 Scale Barding Armor
12:38 Forging
TuMaY
11:28 Feudal Age
14:05 Loom
16:43 Castle Age
14:35 Double-Bit Axe
18:11 Wheelbarrow
18:03 Bow Saw
19:44 Fletching
21:33 Bodkin Arrow
22:40 Padded Archer Armor
_WizarD_
7:05 Loom
9:48 Feudal Age
10:11 Double-Bit Axe
16:48 Scale Barding Armor
19:55 Forging
xinyuan.zhao22
5:45 Loom
8:27 Feudal Age
9:37 Double-Bit Axe
18:02 Forging
21:56 Castle Age
20:26 Gold Mining
21:40 Scale Barding Armor
22:10 Light Cavalry
23:59 Bow Saw
24:21 Chain Barding Armor
25:01 Husbandry
HUGO
6:41 Loom
8:34 Feudal Age
10:42 Fletching
21:08 Padded Archer Armor
24:25 Castle Age
25:05 Bodkin Arrow
24:31 Crossbowman
26:15 Leather Archer Armor
Wise™
8:51 Feudal Age
9:57 Double-Bit Axe
14:29 Forging
16:03 Bloodlines
16:00 Scale Barding Armor
17:17 Horse Collar
18:52 Wheelbarrow
26:02 Castle Age
24:41 Town Watch
26:09 Light Cavalry
27:49 Chain Barding Armor
28:23 Bow Saw
The Crusades Crusader
3:31 Loom
9:31 Feudal Age
10:16 Double-Bit Axe
13:38 Fletching
16:29 Padded Archer Armor
18:51 Gold Mining
24:34 Castle Age
22:56 Horse Collar
24:42 Wheelbarrow
25:12 Bodkin Arrow
24:55 Crossbowman
26:09 Bow Saw
27:22 Leather Archer Armor
27:33 Town Watch
Connection lost

Rejoining the realm…

Still unreachable

The connection could not be restored.

Session expired

The server has moved on; the page needs a fresh start.